 Dungeon Crawl Stone Soup version 0.26-a0-851-g735459dd53 (webtiles) character file.

Game seed: 14636640988566828535

0 EnegeticOcto the Caller (level 1, 0/9 HPs)
             Began as a Vine Stalker Summoner on Nov 21, 2020.
             Slain by a jackal (1 damage)
             ... on level 1 of the Dungeon.
             The game lasted 00:02:16 (95 turns).

EnegeticOcto the Caller (Vine Stalker Summoner)       Turns: 95, Time: 00:02:17

Health: 0/9        AC:  2    Str: 10    XL:     1   Next: 10%
Magic:  0/4        EV: 12    Int: 15    God:
Gold:   0          SH:  0    Dex: 14    Spells: 3/4 levels left

rFire    . . .     SeeInvis .   e - +0 dagger
rCold    . . .     Faith    .   (no shield)
rNeg     . . .     Spirit   +   a - +0 robe
rPois    .         Reflect  .   (no helmet)
rElec    .         Harm     .   (no cloak)
rCorr    .         Rampage  .   (no gloves)
MR       .....                  (no boots)
Stlth    ++........             (no amulet)
HPRegen  0.03/turn              (no ring)
MPRegen  0.09/turn              (no ring)

@: no status effects
A: fangs 2, magic shield, antimagic bite, no potion heal 3, rot immunity
a: no special abilities


You were on level 1 of the Dungeon.
You visited 1 branch of the dungeon, and saw 1 of its levels.

Inventory:

Hand Weapons
 e - a +0 dagger (weapon)
   (You found it on level 1 of the Dungeon)
Missiles
 d - 25 stones (quivered)
Armour
 a - a +0 robe (worn)


   Skills:
 - Level 1.5 Dodging
 + Level 2.5 Stealth
 - Level 2.1 Spellcasting
 - Level 4.0 Summonings


You had 3 spell levels left.
You knew the following spells:

 Your Spells              Type           Power        Failure   Level
b - Summon Small Mammal   Summ           ##..         4%          1

Your spell library contained the following spells:

 Spells                   Type           Power        Failure   Level
 Call Imp                 Summ           ##......     6%          2
 Call Canine Familiar     Summ           ##......     13%         3
 Summon Guardian Golem    Hex/Summ       #.......     28%         3
 Summon Ice Beast         Ice/Summ       #.......     67%         4
 Summon Lightning Spire   Summ/Air       #.......     67%         4


Dungeon Overview and Level Annotations

Branches:
Dungeon (1/15)

Altars:


Innate Abilities, Weirdness & Mutations

You have extremely sharp teeth.
When hurt, damage is shared between your health and your magic reserves.
Your bite disrupts and absorbs the magic of your enemies.
Potions cannot restore your health.
You are immune to rotting.


Message History

You kill the rat!
You start resting.
Magic restored.
d - 22 stones (gained 2)
You see here a rat corpse.
You see here a dagger.
e - a +0 dagger (weapon)
d - 23 stones (gained 1)
d - 24 stones (gained 1)
d - 25 stones (gained 1)
A goblin comes into view. It is wielding a +0 club.
You see here a stone.
You swap places.
A jackal comes into view.
The jackal barks!
A jackal comes into view.
A kobold comes into view. It is wielding a +2 dagger of freezing.
Your bat disappears in a puff of smoke!
Casting: Summon Small Mammal (safe; 4% risk of failure)
Confirm with . or Enter, or press ? or * to list all spells.
The jackal barely misses your rat. The jackal closely misses your rat.
The jackal completely misses your rat.
Your rat bites the jackal.
Casting: Summon Small Mammal (safe; 4% risk of failure)
Confirm with . or Enter, or press ? or * to list all spells.
The kobold hits your rat with a +2 dagger of freezing.
The kobold freezes your rat.
Your rat dies!
Your rat's corpse disappears in a puff of smoke!
You swap places.
The jackal bites you. x2
The jackal bites your rat but does no damage.
Your rat misses the jackal.
Okay, then.
The jackal bites your rat.
Your rat bites the jackal.
The jackal closely misses your rat. The jackal bites your rat.
Your rat dies!
Your rat's corpse disappears in a puff of smoke!
Casting: Summon Small Mammal (safe; 4% risk of failure)
Confirm with . or Enter, or press ? or * to list all spells.
You closely miss the jackal.
The jackal is moderately wounded.
Your bat closely misses the jackal.
The jackal bites you.
Your bat hits the jackal. The jackal closely misses you.
Okay, then.
Your bat closely misses the jackal.
Your bat barely misses the jackal.
The jackal bites you.
Your bat misses the kobold.
Okay, then.
Unknown command.
As you read the scroll labelled WIM REUFITU, it crumbles to dust.
Your +0 dagger glows mottled magenta for a moment.
It was a scroll of random uselessness.
Your bat barely misses the kobold.
The jackal barely misses you. x2
As you read the scroll labelled VYCVICAINA, it crumbles to dust.
You feel blessed for a moment.
It was a scroll of remove curse.
Your bat barely misses the kobold.
The jackal bites you.
You barely miss the jackal.
The jackal is moderately wounded.
Your bat hits the kobold but does no damage.
The jackal bites you.
* * * LOW HITPOINT WARNING * * *
The jackal misses you.
You aren't carrying any potions.
Unknown command.
Press: ? - help, v - describe, . - travel
Here: a kobold, wielding a +2 dagger of freezing The floor.
Unknown command.
Your bat hits the kobold but does no damage.
Your bat barely misses the kobold.
Your bat hits the jackal but does no damage.
The kobold misses your bat.
The jackal bites you but does no damage.
Your bat barely misses the jackal.
Your bat hits the kobold but does no damage. x2
The jackal bites you but does no damage.
Your bat closely misses the kobold.
Your bat hits the kobold but does no damage.
Your bat hits the kobold but does no damage.
Your bat closely misses the kobold.
Your bat barely misses the kobold.
Your bat hits the kobold but does no damage.
The jackal completely misses you.
Found 19 gold pieces.
The jackal bites you.
* * * LOW HITPOINT WARNING * * *
Casting: Summon Small Mammal (safe; 4% risk of failure)
Confirm with . or Enter, or press ? or * to list all spells.
The jackal barely misses you.
The kobold hits your bat with a +2 dagger of freezing.
The kobold freezes your bat.
Your bat dies!
Your bat's corpse disappears in a puff of smoke!
You aren't carrying any scrolls.
Unknown command.
A bat comes into view.
The jackal barely misses you. The jackal barely misses you.
The jackal bites you.
You die...

.#........#...............
....#.#.#..................
#....†#....................
......####................#
.............###...........
###..........≈≈#........b..
###.#....<..≈≈≈#...........
..#.#........≈≈#h#.......#
#..K#≈≈≈≈≈..[.≈#@#...#####
##..#≈≈≈≈...h≈≈#.#K#.#
###h#≈≈≈≈≈≈≈≈≈≈#..$..#
....#≈≈≈≈≈≈≈≈≈≈####.##
....##≈≈≈≈≈≈≈######.#
.###.........b.K....# #
###############..# ##.# #.#


You could see a jackal.

Vanquished Creatures
  A rat (D:1)
1 creature vanquished.

Notes
Turn   | Place    | Note
-------+----------+-------------------------------------------
     0 | D:1      | EnegeticOcto the Vine Stalker Summoner began the quest for
                  | the Orb.
     0 | D:1      | Reached XP level 1. HP: 9/9 MP: 4/4
    95 | D:1      | Slain by a jackal

Illustrated notes

Levels and vault maps discovered:
D:1:      dpeg_arrival_pond, layout_rooms

Action                   || total
-------------------------++-------
Melee: Unarmed           ||     3
       Dagger            ||     2
       Bite              ||     1
Throw: Stone             ||     8
 Cast: Summon Small Mamm ||     5
  Use: Scroll            ||     2
Armor: Robe              ||     3
Dodge: Dodged            ||    13

Table legend: (Time is in decaauts)
 A = Elapsed time spent in this place.
 B = Non-inter-level travel time spent in this place.
 C = Inter-level travel time spent in this place.
 D = Time resting spent in this place.
 E = Time spent auto-exploring this place.
 F = Levels seen in this place.
 G = Mean time per level.
                   A        B        C        D        E       F      G
               +--------+--------+--------+--------+--------+-----+--------+
         Total |     95 |     95 |      0 |      8 |      0 |   1 |   95.0 |
       Dungeon |     95 |     95 |      0 |      8 |      0 |   1 |   95.0 |
               +--------+--------+--------+--------+--------+-----+--------+

Top non-repeatable levels by time:
     D:1: 95 daAuts
